 Dungeon Sprint DCSS version 0.27-a0-808-g60bc5d92e6 (webtiles) character file.

Game seed: 8258499515924714859

277 mhtbhm the Cudgeller (level 6, -1/67 HPs)
             Began as a Troll Berserker on Mar 28, 2021.
             Was a Priest of Trog.
             Slain by a killer bee (5 damage)
             ... in the Dungeon (Sprint IV: "Fedhas' Mad Dash").
             The game lasted 00:01:42 (877 turns).

mhtbhm the Cudgeller (Troll Berserker)               Turns: 877, Time: 00:01:42

Health: -1/67      AC:  4    Str: 28    XL:     6   Next: 4%
Magic:  5/5        EV: 11    Int:  3    God:    Trog [***...]
Gold:   94         SH:  0    Dex:  9    Spells: 5/5 levels left

rFire    . . .     SeeInvis .   a - +0 mace
rCold    . . .     Faith    .   (no shield)
rNeg     . . .     Spirit   .   b - +0 animal skin
rPois    .         Reflect  .   (helmet restricted)
rElec    .         Harm     .   (no cloak)
rCorr    .         Rampage  .   (gloves unavailable)
Will     .....     NoTele   +   (boots unavailable)
Stlth    +.........             i - amulet of invisibility {+Inv}
HPRegen  1.21/turn              (no ring)
MPRegen  0.09/turn              (no ring)

@: berserk cooldown, slowed, very slow
A: large, unfitting armour, claws 3, regeneration 1, shaggy fur 1, tough skin 1
a: Renounce Religion, Evoke Invisibility, Berserk, Trog's Hand


You were in the Dungeon.
You worshipped Trog.
Trog was most pleased with you.
You visited 1 branch You collected 94 gold pieces.

Inventory:

Hand Weapons
 a - a +0 mace (weapon)
Armour
 b - a +0 animal skin (worn)
Jewellery
 i - the amulet of invisibility (around neck) {+Inv}
   (You found it in the Dungeon)

   [amulet of nothing]

   It lets you turn invisible.
Potions
 e - a potion of haste
 f - 2 potions of magic
 g - a potion of berserk rage


   Skills:
 + Level 6.1 Fighting
 + Level 7.3 Maces & Flails
 + Level 6.0 Dodging
 + Level 1.1 Stealth
 + Level 2.1 Evocations


You had 5 spell levels left.
You didn't know any spells.
Your spell library was empty.

Dungeon Overview and Level Annotations

Branches:
Dungeon (1/1)

Altars:
Cheibriados
Dithmenos
Elyvilon
Gozag
Hepliaklqana
Kikubaaqudgha
Makhleb
Nemelex Xobeh
Okawaru
Qazlal
Ru
Sif Muna
Trog
Uskayaw
Vehumet
Wu Jian
Xom
Yredelemnul
Zin
The Shining One
Beogh
Jiyva
Lugonu


Innate Abilities, Weirdness & Mutations

You are too large for most types of armour.
You have claws for hands.
Your natural rate of healing is unusually fast.
You are covered in fur. (AC +1)
You have tough skin. (AC +1)


Message History

You feel sick. The killer bee stings you. The killer bee barely misses you.
The killer bee stings you.
* * * LOW HITPOINT WARNING * * *
You are more poisoned.
The killer bee poisons you!
You barely miss the killer bee.
The killer bee is heavily wounded.
You feel very sick.
You hear an angry buzzing noise.
The killer bee closely misses you.
The killer bee stings you but does no damage.
You hear an angry buzzing noise.
The killer bee closely misses you.
You miss the killer bee.
The killer bee is heavily wounded.
You feel sick.
You hear an angry buzzing noise.
The killer bee barely misses you. The killer bee misses you.
The killer bee stings you.
* * * LOW HITPOINT WARNING * * *
You barely miss the killer bee.
The killer bee is heavily wounded.
Your skin stops crawling.
You feel less strong-willed.
You feel sick. The killer bee stings you.
* * * LOW HITPOINT WARNING * * *
You are more poisoned.
The killer bee poisons you!
The killer bee stings you but does no damage. x2
You feel better. The killer bee stings you.
* * * LOW HITPOINT WARNING * * *
The killer bee stings you.
* * * LOW HITPOINT WARNING * * *
The killer bee stings you!
* * * LOW HITPOINT WARNING * * *
You miss the killer bee.
The killer bee is heavily wounded.
The killer bee barely misses you. The killer bee stings you.
* * * LOW HITPOINT WARNING * * *
The killer bee closely misses you. The killer bee stings you.
You die...

#################################
#<..P#.÷...#.....#.⌠._._._._.⌠.#.
#PP..'.....'.#[(.'.._._._._._..'.
#PPPP#.....#.#.y@#..._._._._...#.
###############+##.._._._._._..#.
♣........y.y.#._._._._._.⌠.##
..y..♣.....#†..###############


.yy ♣..♣..###### + #+##### You could see a killer bee.

Vanquished Creatures
  A scorpion (D)
  2 killer bees (D)
  4 oklob saplings (D)
  A river rat (D)
  A rat (D)
9 creatures vanquished.

Notes
Turn   | Place    | Note
-------+----------+-------------------------------------------
     0 | D        | mhtbhm the Troll Berserker began the quest for the Orb.
     0 | D        | Reached XP level 1. HP: 22/22 MP: 0/0
    11 | D        | Reached skill level 3 in Maces & Flails
    11 | D        | Reached XP level 2. HP: 31/31 MP: 1/1
    55 | D        | Noticed an oklob sapling
   280 | D        | Killed an oklob sapling
   280 | D        | Reached ** piety under Trog
   281 | D        | Reached skill level 4 in Maces & Flails
   281 | D        | Reached XP level 3. HP: 39/39 MP: 2/2
   326 | D        | Noticed a scorpion
   327 | D        | Found the amulet of invisibility {+Inv}
   330 | D        | Killed a scorpion
   331 | D        | Reached skill level 5 in Maces & Flails
   331 | D        | Reached XP level 4. HP: 49/49 MP: 3/3
   523 | D        | Found an opulent altar of Gozag.
   523 | D        | Found a hazy altar of Hepliaklqana.
   523 | D        | Found a burning altar of Makhleb.
   523 | D        | Found a sparkling altar of Nemelex Xobeh.
   523 | D        | Found a snail-covered altar of Cheibriados.
   523 | D        | Found a sacrificial altar of Ru.
   523 | D        | Found a shimmering blue altar of Sif Muna.
   523 | D        | Found a shimmering altar of Xom.
   523 | D        | Found a basalt altar of Yredelemnul.
   524 | D        | Found a viscous altar of Jiyva.
   524 | D        | Found a bloodstained altar of Trog.
   524 | D        | Found an ornate altar of the Wu Jian Council.
   525 | D        | Found an iron altar of Okawaru.
   525 | D        | Found a shadowy altar of Dithmenos.
   525 | D        | Found a glowing silver altar of Zin.
   526 | D        | Found an ancient bone altar of Kikubaaqudgha.
   526 | D        | Found a hide-covered altar of Uskayaw.
   527 | D        | Found a stormy altar of Qazlal.
   527 | D        | Found a white marble altar of Elyvilon.
   527 | D        | Found a glowing golden altar of the Shining One.
   528 | D        | Found a corrupted altar of Lugonu.
   528 | D        | Found a radiant altar of Vehumet.
   534 | D        | Reached skill level 5 in Fighting
   534 | D        | Reached skill level 6 in Maces & Flails
   534 | D        | Reached skill level 5 in Dodging
   534 | D        | Reached skill level 1 in Evocations
   534 | D        | Reached XP level 5. HP: 57/57 MP: 1/4
   581 | D        | Reached *** piety under Trog
   646 | D        | Noticed a queen bee
   860 | D        | Reached skill level 7 in Maces & Flails
   866 | D        | Reached skill level 1 in Stealth
   866 | D        | Reached XP level 6. HP: 33/67 MP: 5/5
   877 | D        | Slain by a killer bee

Illustrated notes

Levels and vault maps discovered:
D:        dungeon_sprint_fedhas [sprint_temple]

Skill      XL: |  1  2  3  4  5 |
---------------+----------------+-----
Fighting       | 3 4 5 6 |  6.1
Maces & Flails | 3 4 5 6 7 |  7.3
Dodging        | 3 4 5 6 |  6.0
Evocations     | 1 2 |  2.1
Stealth        | 1 |  1.1

Action                   |  1- 3 |  4- 6 || total
-------------------------+-------+-------++-------
Melee: Mace              |    12 |    24 ||    36
Invok: Berserk           |     3 |     4 ||     7
       Trog's Hand       |       |     1 ||     1
 Abil: Evoke Invisibilit |       |     3 ||     3
  Use: Scroll            |       |     1 ||     1
       Potion            |       |     2 ||     2
 Stab: Invisible         |       |     1 ||     1
       Sleeping          |       |     1 ||     1
Armor: Animal skin       |     3 |     8 ||    11
Dodge: Dodged            |     3 |    26 ||    29

Table legend: (Time is in decaauts)
 A = Elapsed time spent in this place.
 B = Non-inter-level travel time spent in this place.
 C = Inter-level travel time spent in this place.
 D = Time resting spent in this place.
 E = Time spent auto-exploring this place.
 F = Levels seen in this place.
 G = Mean time per level.
                   A        B        C        D        E       F      G
               +--------+--------+--------+--------+--------+-----+--------+
         Total |    931 |    931 |      0 |    744 |      0 |   1 |  931.0 |
       Dungeon |    931 |    931 |      0 |    744 |      0 |   1 |  931.0 |
               +--------+--------+--------+--------+--------+-----+--------+

Top non-repeatable levels by time:
       D: 931 daAuts
